Map: Ever Dream LE

Players

Lambo - Winner!

  • Race: Zerg Zerg
  • League: Grandmaster
  • Spawn Location: 7:00

Denver

  • Race: Zerg Zerg
  • League: Grandmaster
  • Spawn Location: 1:00

VOD

Have the link to the VOD?

Description

Time

  • Played on: April 20, 2020, 2:42 p.m.
  • Length: 3:33
Show
View Real Time Build Order
Export as new Build Order

Lambo Zerg - Winner!

Build Orders: Pool Only 

Get SALT Encoding   

  12  0:17  Spawning Pool  
  11  0:21  Drone  
  11  0:26  Drone  
  13  0:31  Drone  
  14  0:40  Overlord  
  14  1:04  Zergling x4  
  16  1:05  Zergling x2  
  17  1:15  Zergling x2  
  18  1:26  Zergling x2  
  19  1:37  Zergling x2  
  20  1:54  Spine Crawler x2  
  20  1:58  Spine Crawler  
  17  2:08  Zergling x2  
  18  2:22  Zergling x2  
  18  2:37  Zergling x2  
  19  3:00  Zergling x2  
  20  3:12  Zergling x2  
Show
View Real Time Build Order
Export as new Build Order

Denver Zerg 

Build Orders: Hatch First 

Get SALT Encoding   

  12  0:01  Drone  
  13  0:13  Overlord  
  13  0:17  Drone  
  14  0:31  Drone x2  
  16  0:47  Hatchery  
  15  0:51  Drone  
  15  0:55  Drone  
  17  0:59  Drone  
  18  1:09  Extractor  
  17  1:14  Spawning Pool  
  17  1:17  Drone  
  17  1:20  Drone  
  18  1:30  Drone  
  19  2:00  Queen  
  21  2:02  Spine Crawler x2, Zergling x6  
  21  2:07  Zergling x2  
  20  2:33  Zergling x2  
  20  2:42  Zergling x4  
  21  2:49  Zergling x2  
  22  2:57  Zergling x2  
  22  3:07  Zergling x4  
Tags
 
Add a new tag
Caveats
  • Supply blocks, unpowered buildings, or Contaminate may cause inaccurate times.
  • Supply counts are checked every 10 seconds.